 Dungeon Crawl Stone Soup version 0.17-a0-1685-g57e755e (webtiles) character file.

5830 vatarom the Fighter (level 10, -3/93 HPs)
             Began as a Purple Draconian Conjurer on Aug 19, 2015.
             Was a Believer of Vehumet.
             Slain by a troll (7 damage)
             ... on level 9 of the Dungeon.
             The game lasted 00:24:03 (9204 turns).

vatarom the Fighter (Purple Draconian Conjurer)     Turns: 9204, Time: 00:24:03

Health: -3/93      AC: 10    Str: 11    XL:     10   Next: 51%
Magic:  9/23       EV: 14    Int: 20    God:    Vehumet [**....]
Gold:   473        SH:  0    Dex: 12    Spells: 9 memorised, 3 levels left

rFire  . . .     SeeInvis .     c - +12 Glaive of Prune {chop}
rCold  . . .     Clarity  .     (armour unavailable)
rNeg   . . .     SustAt   .     (no shield)
rPois  .         Gourm    .     (helmet restricted)
rElec  .         Spirit   .     o - +1 cloak
rCorr  +         Warding  .     (no gloves)
rMut   .         Stasis   .     C - +0 pair of boots
MR     +....                    r - amulet of resist corrosion
Stlth  ++........               (no ring)
                                g - +2 ring of intelligence

@: very slightly contaminated, somewhat resistant to hostile enchantments,
unstealthy
A: breathe power, unfitting armour, cold-blooded, AC +7
a: Breathe Dispelling Energy, Renounce Religion


You were on level 9 of the Dungeon.
You worshipped Vehumet.
Vehumet was pleased with you.
You were not hungry.

You visited 2 branches of the dungeon, and saw 10 of its levels.

You collected 473 gold pieces.

Inventory:

Hand weapons
 c - the +12 Glaive of Prune (weapon) {chop}
   (You found it on level 7 of the Dungeon)

   It inflicts extra damage upon your enemies.
 d - a +4 whip of flaming
 n - a +5 quarterstaff of chaos
 x - a +0 antimagic lajatang
Armour
 o - a +1 cloak (worn)
 C - a +0 pair of boots (worn)
Rods
 K - a +0 rod of the swarm (12/12)
   (You found it on level 9 of the Dungeon)
Jewellery
 g - a +2 ring of intelligence (left hand)
 j - an uncursed amulet of faith
 q - an uncursed amulet of resist mutation
 r - an amulet of resist corrosion (around neck)
Magical devices
 e - a wand of fire (5)
 u - a wand of disintegration (9)
 w - a wand of cold (7)
 A - a wand of lightning (7)
 B - a wand of paralysis (7)
 H - a wand of disintegration (13)
Scrolls
 b - 6 scrolls of remove curse
 i - a scroll of magic mapping
 m - 4 scrolls of enchant armour
 p - a scroll of enchant weapon
 D - a scroll of vulnerability
Potions
 h - 2 potions of lignification
 l - a potion of cancellation
 s - 3 potions of agility
 z - a potion of resistance
 E - a potion of might
 I - a potion of curing
Books
 a - a book of Conjurations

   Spells                             Type                      Level
   a - Magic Dart                     Conjuration                  1
   b - Searing Ray                    Conjuration                  2
   c - Dazzling Spray                 Conjuration/Hexes            3
   d - Fulminant Prism                Conjuration/Hexes            4
   e - Iskenderun's Mystic Blast      Conjuration                  4
   f - Iskenderun's Battlesphere      Conjuration/Charms           5
 v - a book of Party Tricks

   Spells                             Type                      Level
   a - Summon Butterflies             Summoning                    1
   b - Apportation                    Translocation                1
   c - Tukima's Dance                 Hexes                        3
   d - Alistair's Intoxication        Transmutation/Poison         4
   e - Invisibility                   Hexes                        6
 y - a book of Battle

   Spells                             Type                      Level
   a - Infusion                       Charms                       1
   b - Shroud of Golubria             Charms/Translocation         2
   c - Song of Slaying                Charms                       2
   d - Spectral Weapon                Hexes/Charms                 3
   e - Regeneration                   Charms/Necromancy            3
Comestibles
 f - a meat ration
 k - 10 beef jerkies
 t - 6 fruits
 F - 3 bread rations


   Skills:
 - Level 10.0 Fighting
 - Level 4.8 Dodging
 - Level 1.7 Stealth
 + Level 9.9 Spellcasting
 - Level 7.0 Conjurations
 - Level 4.5 Charms
 + Level 3.4 Fire Magic


You had 3 spell levels left.
You knew the following spells:

 Your Spells              Type           Power        Failure   Level  Hunger
a - Magic Dart            Conj           ####         1%          1    None
b - Searing Ray           Conj           #####.       1%          2    None
c - Dazzling Spray        Conj/Hex       ###.....     8%          3    None
d - Iskenderun's Mystic   Conj           #####...     6%          4    ##.....
e - Fulminant Prism       Conj/Hex       ###.......   21%         4    ##.....
f - Iskenderun's Battles  Conj/Chrm      ####....     21%         5    #####..
g - Spectral Weapon       Hex/Chrm       ###.....     10%         3    None
h - Shroud of Golubria    Chrm/Tloc      ###.......   4%          2    None
i - Flame Tongue          Conj/Fire      ####.        1%          1    None


Dungeon Overview and Level Annotations

Branches:
Dungeon (9/15)             Temple (1/1) D:7
   Lair: D:8-11         Orc: D:9-12

Altars:
Ashenzari
Cheibriados
Dithmenos
Elyvilon
Fedhas
Gozag
Kikubaaqudgha
Makhleb
Nemelex Xobeh
Okawaru
Qazlal
Ru
Sif Muna
Trog
Vehumet
Xom
Yredelemnul
Zin
The Shining One

Shops:
D:9 ?

Annotations:
D:9 Psyche


Innate Abilities, Weirdness & Mutations

You can breathe bolts of dispelling energy.
Your rich purple scales are hard (AC +7).
Your body does not fit into most forms of armour.
You are cold-blooded and may be slowed by cold attacks.


Message History

The troll closely misses you. The troll claws you!
Your shroud falls apart!
The troll closely misses you. The troll bites you!
The troll closely misses you. x2
You slash the troll!
Your tail-slap misses the troll.
The troll is heavily wounded.
Your spectral weapon hits the troll from afar!
The troll bites you. The troll barely misses you. The troll claws you!
The troll bites you but does no damage. The troll claws you!
* * * LOW HITPOINT WARNING * * *
The troll claws you.
* * * LOW HITPOINT WARNING * * *
Drink which item? (? for menu, Esc to quit)
Okay, then.
The troll bites you!
* * * LOW HITPOINT WARNING * * *
The troll claws you!
* * * LOW HITPOINT WARNING * * *
The troll claws you!
You die...

########..######.. ..
........>......... ..+
...........######. #.#
##########.# #.# ## #.#
###.##... #.# #......
#.#########...#########
#.#..)T(.##...##...)†.#
#.#..##@.#..#..#..##..#
#.#. #..##.(#..##..#..#
#.# ##..#..###..#..##.#
#.# #..##..#.#..##..#)#
###.###..#..##.##..#..###
#...##..##..#...#..##..#
#.####..#..##...##..#..##
#.# #..##..#..#..#..##..#
#.# #..#..##..#..##..#..#


You could see a troll.

Vanquished Creatures
  Erolcha (D:8)
  Pikel (D:4)
  Joseph (D:8)
  A kobold demonologist (D:9)
  A two-headed ogre (D:8)
  Prince Ribbit (D:5)
  Sigmund (D:2)
  Eustachio (D:4)
  2 wyverns (D:8)
  Edmund (D:4)
  An orc warrior (D:8)
  Duvessa (D:5)
  2 sky beasts (D:7)
  A slave (D:4)
  2 ice beasts
  3 phantoms
  A black bear (D:8)
  A centaur (D:9)
  5 ogres
  A giant frog (D:9)
  Dowan (D:5)
  3 scorpions
  6 killer bees (D:7)
  2 jellies
  3 crimson imps
  5 hounds
  4 iguanas (D:4)
  Crazy Yiuf (D:2)
  2 giant frog skeletons (D:8)
  5 orc wizards
  An orc priest (D:9)
  3 worker ants
  Natasha (twice) (D:2)
  8 gnolls
  7 adders
  2 shadow imps (D:9)
  2 adder skeletons
  An adder zombie (D:8)
  4 worms
  6 giant geckos
  21 orcs
  2 ball pythons
  8 bats
  3 giant cockroaches
  6 goblins
  8 hobgoblins
  8 jackals
  6 kobolds
  6 giant newts
  A jackal skeleton (D:8)
  A quokka skeleton (D:4)
  3 rats
  A spectral orc (D:3)
171 creatures vanquished.

Vanquished Creatures (others)
  2 fulminant prisms
  2 spectral weapons
4 creatures vanquished.

Grand Total: 175 creatures vanquished

Notes
Turn   | Place    | Note
--------------------------------------------------------------
     0 | D:1      | vatarom the Draconian Conjurer began the quest for the Orb.
     0 | D:1      | Reached XP level 1. HP: 14/14 MP: 3/3
   329 | D:1      | Reached skill level 1 in Fighting
   415 | D:1      | Reached XP level 2. HP: 20/23 MP: 0/5
   419 | D:1      | Learned a level 2 spell: Searing Ray
  1175 | D:2      | Reached XP level 3. HP: 27/29 MP: 1/7
  1217 | D:2      | Learned a level 3 spell: Dazzling Spray
  1354 | D:2      | Found an opulent altar of Gozag.
  1357 | D:2      | Found an ancient bone altar of Kikubaaqudgha.
  1371 | D:2      | Found a white marble altar of Elyvilon.
  1382 | D:2      | Found a shadowy altar of Dithmenos.
  1457 | D:2      | Noticed Natasha
  1468 | D:2      | Killed Natasha
  1468 | D:2      | Reached XP level 4. HP: 27/36 MP: 0/8
  1520 | D:2      | Noticed Natasha
  1522 | D:2      | Killed Natasha
  1583 | D:2      | Noticed Crazy Yiuf
  1593 | D:2      | Killed Crazy Yiuf
  1710 | D:2      | Noticed Sigmund
  1719 | D:2      | Killed Sigmund
  1719 | D:2      | Reached XP level 5. HP: 28/41 MP: 9/11
  1719 | D:2      | Reached XP level 6. HP: 32/48 MP: 9/12
  1725 | D:2      | Learned a level 4 spell: Iskenderun's Mystic Blast
  2335 | D:3      | Learned a level 4 spell: Fulminant Prism
  2768 | D:3      | Found a basalt altar of Yredelemnul.
  3190 | D:4      | Noticed a basilisk
  3190 | D:4      | a slave changed into a basilisk
  3580 | D:4      | Noticed Eustachio
  3580 | D:4      | Noticed Edmund
  3581 | D:4      | Noticed Pikel
  3929 | D:4      | Reached skill level 5 in Spellcasting
  3996 | D:4      | Reached skill level 6 in Spellcasting
  3996 | D:4      | Your scales start taking on a rich purple colour.
  3996 | D:4      | Reached XP level 7. HP: 43/55 MP: 16/16
  4125 | D:4      | Killed Eustachio
  4125 | D:4      | Reached skill level 5 in Conjurations
  4277 | D:4      | Killed Edmund
  4277 | D:4      | Reached skill level 7 in Spellcasting
  4549 | D:4      | Killed Pikel
  4549 | D:4      | Reached skill level 8 in Spellcasting
  4549 | D:4      | Reached XP level 8. HP: 42/61 MP: 6/20
  4730 | D:5      | Entered Level 5 of the Dungeon
  4839 | D:5      | Learned a level 5 spell: Iskenderun's Battlesphere
  4923 | D:5      | Reached skill level 1 in Charms
  4937 | D:5      | Noticed Dowan
  4938 | D:5      | Noticed Duvessa
  4963 | D:5      | Killed Duvessa
  4972 | D:5      | Killed Dowan
  5105 | D:5      | Noticed Prince Ribbit
  5122 | D:5      | Killed Prince Ribbit
  5122 | D:5      | Reached skill level 9 in Spellcasting
  6221 | D:7      | Reached XP level 9. HP: 66/68 MP: 13/22
  6376 | D:7      | Learned a level 3 spell: Spectral Weapon
  6420 | D:7      | Reached skill level 5 in Fighting
  6770 | D:7      | Found a staircase to the Ecumenical Temple.
  6882 | Temple   | Entered the Ecumenical Temple
  6945 | Temple   | Became a worshipper of Vehumet
  7063 | D:7      | Found a blossoming altar of Fedhas.
  7067 | D:7      | Learned a level 2 spell: Shroud of Golubria
  7067 | D:7      | Found a burning altar of Makhleb.
  7198 | D:8      | Noticed Erolcha
  7200 | D:8      | Noticed Joseph
  7211 | D:8      | Killed Erolcha
  7214 | D:8      | Killed Joseph
  7398 | D:8      | Reached XP level 10. HP: 81/91 MP: 12/23
  7597 | D:8      | Reached skill level 10 in Fighting
  7863 | D:8      | Acquired Vehumet's first power
  7863 | D:8      | Offered knowledge of Flame Tongue by Vehumet.
  7880 | D:8      | Learned a level 1 spell: Flame Tongue
  7985 | D:8      | Reached skill level 1 in Fire Magic
  8464 | D:9      | Found Heifainn's Magic Scroll Shop.
  8760 | D:9      | Noticed a sun demon
  8767 | D:9      | Noticed an ice devil
  8968 | D:9      | Noticed Psyche
  9154 | D:9      | Offered knowledge of Freeze by Vehumet.
  9162 | D:9      | Identified a +0 rod of the swarm (12/12) (You found it on level 9 of the Dungeon)
  9204 | D:9      | HP: 4/93 [troll (9)]
  9204 | D:9      | Slain by a troll

Vault maps used:
D:1:      nagdon_arrival_zigzag_paths
D:2:      grunt_temple_overflow_cloverleaf, minmay_misc_feat_encased,
          uniq_natasha, uniq_crazy_yiuf_cottage, uniq_sigmund
D:3:      yredelemnul_forgotten_temple_becter, mrwooster_statue_mirror
D:4:      kennysheep_six_static_rooms, hangedman_abyss_or_decor_lesser_grid,
          uniq_eustachio, uniq_pikel, uniq_edmund
D:5:      first_bread, uniq_menkaure, uniq_prince_ribbit1, uniq_duvessa
D:7:      gammafunk_temple_overflow_statue, minmay_temple_entry_overgrown
D:8:      grunt_ogre_cave, uniq_erolcha, uniq_joseph
D:9:      minmay_tri_box, david_lair_shrubbed, serial_shops, shop,
          dk_vineyard_3, uniq_psyche
Temple:   zaba_magenta_temple_12

Action                   |  1- 3 |  4- 6 |  7- 9 | 10-12 || total
-------------------------+-------+-------+-------+-------++-------
Melee: Mace              |    17 |       |       |       ||    17
       Whip              |    54 |     4 |       |       ||    58
       Unarmed           |     4 |       |       |       ||     4
       Quarterstaff      |       |    92 |   116 |       ||   208
       Glaive            |       |       |    38 |    62 ||   100
 Cast: Magic Dart        |    18 |     3 |    12 |    26 ||    59
       Searing Ray       |     1 |     5 |       |       ||     6
       Dazzling Spray    |       |     5 |    15 |    11 ||    31
       Iskenderun's Myst |       |     2 |    14 |     6 ||    22
       Iskenderun's Batt |       |       |     6 |    10 ||    16
       Spectral Weapon   |       |       |     5 |     4 ||     9
       Fulminant Prism   |       |       |     2 |       ||     2
       Shroud of Golubri |       |       |     1 |     3 ||     4
 Abil: Breathe Dispellin |       |       |     3 |     1 ||     4
  Use: Scroll            |     4 |     4 |     6 |     4 ||    18
       Potion            |     1 |     8 |     4 |     2 ||    15
 Stab: Sleeping          |     2 |     1 |       |       ||     3
       Invisible         |       |       |     6 |     1 ||     7
       Confused          |       |       |     1 |       ||     1
       Distracted        |       |       |       |     1 ||     1
  Eat: Chunk             |     1 |       |       |       ||     1
       Bread ration      |     1 |     1 |     3 |       ||     5
       Meat ration       |       |     1 |       |     2 ||     3
